 Dungeon Crawl Stone Soup version 0.17.0-57-g0e89251 (webtiles) character file.

106 fredomojojo the Firebug (level 4, -5/24 HPs)
             Began as a Deep Elf Fire Elementalist on Dec 8, 2015.
             Slain by Chiseanne's ghost (16 damage)
             ... on level 3 of the Dungeon.
             The game lasted 00:34:19 (2131 turns).

fredomojojo the Firebug (DEFE)                      Turns: 2131, Time: 00:34:20

Health: -5/24      AC:  2    Str:  5    XL:     4   Next: 55%
Magic:  11/11      EV: 13    Int: 21    God:
Gold:   97         SH:  0    Dex: 15    Spells: 3 memorised, 6 levels left

rFire  . . .     SeeInvis .     p - +0 dagger
rCold  . . .     Clarity  .     x - +0 robe
rNeg   . . .     SustAt   .     (no shield)
rPois  .         Gourm    .     (no helmet)
rElec  .         Spirit   .     (no cloak)
rCorr  .         Warding  .     (no gloves)
rMut   .         Stasis   .     (no boots)
MR     .....                    (no amulet)
Stlth  ++........               (no ring)
                                (no ring)

@: not resistant to hostile enchantments, unstealthy
A: no striking features
a: no special abilities


You were on level 3 of the Dungeon.
You were not hungry.

You visited 1 branch of the dungeon, and saw 3 of its levels.

You collected 97 gold pieces.

Inventory:

Hand Weapons
 e - a +0 dagger
 j - a +0 hunting sling
 n - a +0 long sword
 p - a +0 dagger (weapon)
Missiles
 g - 85 stones (quivered)
Armour
 x - a +0 robe (worn)
Wands
 q - a wand of polymorph (14)
 w - a wand of fireball (6)
Scrolls
 a - a scroll of random uselessness {unknown}
 d - a scroll of magic mapping {unknown}
 i - 4 scrolls of identify {unknown}
 l - 2 scrolls of remove curse {unknown}
 o - a scroll of fog {unknown}
Potions
 h - a potion of might {unknown}
 k - a potion of invisibility {unknown}
 m - 2 potions of lignification {unknown}
 r - a potion of flight {unknown}
 s - a potion of curing {unknown}
 u - a potion of haste {unknown}
Books
 b - a book of Flames

   Spells                             Type                      Level
   a - Flame Tongue                   Conjuration/Fire             1
   b - Throw Flame                    Conjuration/Fire             2
   c - Conjure Flame                  Conjuration/Fire             3
   d - Inner Flame                    Hexes/Fire                   3
   e - Sticky Flame                   Conjuration/Fire             4
   f - Fireball                       Conjuration/Fire             5
 t - a book of Conjurations

   Spells                             Type                      Level
   a - Magic Dart                     Conjuration                  1
   b - Searing Ray                    Conjuration                  2
   c - Dazzling Spray                 Conjuration/Hexes            3
   d - Fulminant Prism                Conjuration/Hexes            4
   e - Iskenderun's Mystic Blast      Conjuration                  4
   f - Iskenderun's Battlesphere      Conjuration/Charms           5
Comestibles
 c - 4 bread rations
 f - a chunk of flesh
 v - a slice of pizza


   Skills:
 + Level 3.2 Dodging
 + Level 3.4 Stealth
 + Level 3.5 Spellcasting
 + Level 2.2 Conjurations
 + Level 4.3 Fire Magic


You had 6 spell levels left.
You knew the following spells:

 Your Spells              Type           Power        Failure   Level  Hunger
a - Flame Tongue          Conj/Fire      ###..        3%          1    None
b - Throw Flame           Conj/Fire      ###...       6%          2    ##.....
c - Magic Dart            Conj           ##..         6%          1    None


Dungeon Overview and Level Annotations

Branches:
Dungeon (3/15)

Altars:
Trog
Yredelemnul

Annotations:
D:3 Chiseanne's ghost, amateur SpAs


Message History

Aim: a goblin The magic dart hits the goblin.
The goblin is moderately wounded.
Casting: Magic Dart
Confirm with . or Enter, or press ? or * to list all spells.
Aiming: Magic Dart
Press: ? - help, Shift-Dir - straight line, f/p - goblin
Aim: a goblin (moderately wounded)
The magic dart hits the goblin.
You kill the goblin!
Chiseanne's ghost turns its malevolent gaze towards you.
Chiseanne's ghost closely misses you. Chiseanne's ghost hits you.
Chiseanne's ghost closely misses you. Chiseanne's ghost closely misses you.
Chiseanne's ghost hits you. Chiseanne's ghost hits you.
Chiseanne's ghost hits you.
You are electrocuted!
Ouch! That really hurt!
You die...

##.# #.# ####..#########
#..# #.# #..[..# #..# #.#
#.###.#### #..# #.#
#.##...#.## #..#####.#
#.##......# #........#
#.##...#.## ###
#.####..## #.#########
#). #. #..#####.# ##_##
#.. #. ###...W@...# 8?..8
### #. #..........#
#.....# #.
#............#8.....8
#.##...######.####.....##
#.........# #... #8...8#
#.........# ######.....##
#.........# 8.....8
####.).#### #.....# #...#
8...8#


You could see Chiseanne's ghost.

Vanquished Creatures
  2 adders (D:2)
  A gnoll (D:1)
  An ooze (D:1)
  3 worms (D:2)
  A giant gecko (D:1)
  8 bats
  3 giant cockroaches
  3 hobgoblins
  6 jackals
  A ball python (D:2)
  4 giant newts
  8 goblins
  A kobold (D:2)
  A quokka (D:3)
  35 rats
78 creatures vanquished.

Notes
Turn   | Place    | Note
--------------------------------------------------------------
     0 | D:1      | fredomojojo the Deep Elf Fire Elementalist began the quest for the Orb.
     0 | D:1      | Reached XP level 1. HP: 10/10 MP: 6/6
   136 | D:1      | Reached XP level 2. HP: 15/15 MP: 1/8
   352 | D:1      | Reached skill level 4 in Fire Magic
   502 | D:1      | Reached XP level 3. HP: 19/19 MP: 7/9
   661 | D:2      | Learned a level 2 spell: Throw Flame
   897 | D:2      | Found a basalt altar of Yredelemnul.
   973 | D:2      | Reached XP level 4. HP: 17/24 MP: 1/11
  1813 | D:2      | Learned a level 1 spell: Magic Dart
  1896 | D:2      | You fall through a shaft!
  1899 | D:3      | Found a bloodstained altar of Trog.
  1926 | D:3      | Noticed Chiseanne's ghost (amateur SpAs)
  2131 | D:3      | Slain by Chiseanne's ghost

Action                   |  1- 3 |  4- 6 || total
-------------------------+-------+-------++-------
Melee: Dagger            |    24 |    41 ||    65
       Long sword        |     3 |       ||     3
Throw: Stone             |     5 |       ||     5
 Cast: Flame Tongue      |    53 |    33 ||    86
       Throw Flame       |     6 |     5 ||    11
       Magic Dart        |       |     4 ||     4
 Stab: Sleeping          |     3 |     3 ||     6
  Eat: Chunk             |       |     3 ||     3
       Bread ration      |       |     1 ||     1
